Wixx, chaotic male elven Wizard ----- |)..| ------------ |...| |..........| |...| #...........| |..<. ------------- ###|........^.| |..)| |`.........`| # |..........| ----------- -)--- |.....`.....-## |..........| ##+.........| ## |...-----...| -----|----.- # |.>.......| # |...|.{.|...| # e## |.........| ######### |.@`|{.{|`... ######### -.........| -----------.--- |'..|.{ |...| # ### ----------- |.............| k.f.-.---...| # |.............. |.....`.....| . ## |.............| |`.........`| |. |.............| ------------- | . |.............+ --------------- Wixx the Thaumaturge Experience level: 6 Strength: 13 Dexterity: 8 Constitution: 16 Intelligence: 20 Wisdom: 15 Charisma: 9 Health: 0(55) Energy: 74(74) Def: 2 Gold: 5555 Moves: 3896 Dungeon seed: bopjSh_f9HYahpId Game ID: Wixx_1676460957 Your Inventory: Weapons d - a blessed +1 quarterstaff (weapon in hands) I - 12 uncursed +0 arrows of lightning O - a blessed +0 dagger (alternate weapon; not wielded) V - 8 cursed poisoned +0 darts W - an uncursed +0 orcish dagger Y - 8 uncursed +0 darts Armor e - an uncursed +0 cloak of magic resistance (being worn) t - an uncursed +0 orcish helm (being worn) N - an uncursed +0 cloak of magic resistance Comestibles o - an uncursed lichen corpse r - 3 uncursed food rations K - a cursed lichen corpse Scrolls c - an uncursed scroll of identify i - an uncursed scroll of teleportation q - an uncursed scroll of genocide y - an uncursed scroll of summoning F - a cursed scroll of destroy armor Q - an uncursed scroll of amnesia X - an uncursed scroll of gold detection Z - an uncursed scroll of enchant weapon Potions a - an uncursed potion of gain energy g - 2 uncursed potions of object detection s - an uncursed potion of monster detection A - a cursed potion of gain energy B - a cursed potion of fruit juice C - a cursed potion of confusion D - a cursed potion of paralysis E - a blessed potion of sleeping G - 2 uncursed potions of water R - an uncursed potion of hallucination S - a blessed potion of speed Rings f - an uncursed ring of stealth m - a cursed -1 ring of increase accuracy v - an uncursed ring of stealth z - a cursed ring of shock immunity Wands b - an uncursed wand of striking (0:4) h - an uncursed wand of speed monster (0:6) l - an uncursed wand of summoning (0:8) x - an uncursed wand of undead turning (0:4) H - a cursed wand of striking (0:6) Tools j - an uncursed mirror k - a cursed skeleton key u - an uncursed +0 unicorn horn w - an uncursed wooden harp L - a cursed leather drum M - a cursed leather drum P - an uncursed blindfold T - an uncursed blindfold U - an uncursed tallow candle (0:200) Gems n - an uncursed flint stone Coins $ - 5555 gold pieces Spells and supernatural/magical abilities: Name Level Category Cost Memory a - force bolt 1 attack 8pw 94% k - knock 1 matter 12pw 94% m - magic missile 2 attack 16pw 94% r - remove curse 3 clerical 37pw 94% z - sleep 1 enchantment 8pw 99% I - identify 2 divination 25pw 95% W - pray for help -- divine ? -- Your skills at the end: Fighting Skills wands [Basic] Weapon Skills quarterstaff [Basic] Spellcasting Skills attack spells [Basic] enchantment spells [Basic] Final Attributes: You were piously aligned. You were immune to sleep. You were magic resistant. You saw invisible. You were telepathic. You had infravision. Anhur was noncommittal. You are dead. Vanquished creatures: a winter wolf cub 19 leprechauns a giant spider a dwarf lord a gray unicorn 2 gnome mummies a wood nymph a water nymph a mountain nymph a pony a fog cloud a yellow light a barrow wight a ghoul 2 floating eyes a kitten 7 hill orcs 8 rothes a centipede a giant bat a werejackal 2 iguanas 4 killer bees a gas spore a hobbit 15 manes a brown mold 2 gnomes 10 jackals a fox 4 sewer rats 6 grid bugs 3 lichens 2 kobold zombies 2 newts 108 creatures vanquished. Voluntary challenges: You were an atheist. You used a wielded weapon 40 times, starting on turn 276. You read items or engraved 18 times, starting on turn 388. You never genocided any monsters. You never polymorphed an object. You never changed form. You used no wishes. You never split a pudding. You wrote Elbereth's name 8 times, starting on turn 1162. You never violated your personal moral code. Dungeon overview: The Dungeons of Doom: levels 1 to 9 Level 1 a vault a long staircase Level 2 a vault stairs to The Gnomish Mines Level 3 some fountains Level 4 a fountain, a vault Level 5 a delicatessen, a vault Level 6 Level 7 Level 8 a fountain Level 9 <- You were here many fountains The Gnomish Mines: Level 3 stairs to The Dungeons of Doom Level 4 History has recorded: On T:1 you entered the Dungeons of Doom to retrieve the Amulet of Yendor! On T:56 you reached level 2 of The Dungeons of Doom. On T:454 you reached level 3 of The Dungeons of Doom. On T:524 you reached level 1 of The Gnomish Mines. On T:718 you reached level 4 of The Dungeons of Doom. On T:1352 you reached level 5 of The Dungeons of Doom. On T:1577 you reached level 6 of The Dungeons of Doom. On T:1685 you advanced to experience level 2. On T:1685 you advanced to experience level 3. On T:2160 you reached level 7 of The Dungeons of Doom. On T:2180 you advanced to experience level 4. On T:2482 you advanced to experience level 5. On T:2936 you reached level 8 of The Dungeons of Doom. On T:3071 you reached level 9 of The Dungeons of Doom. On T:3115 you advanced to experience level 6. Score breakdown: Gold: 5555 (12738 points) Experience: 6 levels (12456 points) Exploration: 9 levels ( 18.37%) (12247 points) Discoveries: 35 items ( 12.20%) (10476 points) Valuables value: (no points given unless you survive) Artifact value: 0 ( 0 points) Variety of kills: 35 monsters ( 9.21%) ( 9104 points) Turncount: 3896 turns ( -986 points) Survival: died (score multiplied by 80%) Total score: 44828 Latest messages: The large cat bites the yeti. (2x) The yeti misses the large cat. The yeti hits the large cat. The yeti misses the large cat. The large cat bites the yeti. The large cat misses the yeti. The large cat bites the yeti. The gold golem misses the large cat. (2x) The yeti hits the large cat. The yeti misses the large cat. (2x) The large cat misses the yeti. (2x) The yeti misses the large cat. The yeti hits the large cat. The yeti misses the large cat. The large cat bites the yeti. The gold golem misses the large cat. The gold golem hits the large cat. The large cat bites the gold golem. The yeti hits the large cat. The yeti misses the large cat. (2x) The large cat bites the yeti. The gold golem hits! (2x) The large cat misses the gold golem. (2x) You add to the writing in the dust with your fingers. The gold golem hits! (2x) You die... Final status: Goodbye Wixx the Wizard, killed by a gold golem... You died in The Dungeons of Doom on dungeon level 9 with 44828 points, and 5555 pieces of gold, after 3896 moves. You were level 6 with a maximum of 55 hit points when you died.